 Dungeon Crawl Stone Soup version 0.27-a0-1245-g940ed4fa31 (webtiles) character file.

Game seed: 9825355709011629961

24 freelancePsychic the Chopper (level 2, 0/20 HPs)
             Began as a Demonspawn Wanderer on June 10, 2021.
             Succumbed to an adder's poison
             ... on level 2 of the Dungeon.
             The game lasted 00:03:11 (1886 turns).

freelancePsychic the Chopper (Demonspawn Wanderer)  Turns: 1886, Time: 00:03:12

Health: 0/20       AC:  2    Str: 11    XL:     2   Next: 79%
Magic:  5/5        EV:  8    Int: 13    God:
Gold:   49         SH:  8    Dex: 13    Spells: 4/5 levels left

rFire    . . .     SeeInvis .     - Unarmed
rCold    . . .     Faith    .   e - +0 kite shield
rNeg     . . .     Spirit   .   d - +0 robe
rPois    .         Reflect  .   (no helmet)
rElec    .         Harm     .   (no cloak)
rCorr    .         Rampage  .   (no gloves)
Will     .....                  (no boots)
Stlth    +.........             (no amulet)
HPRegen  0.06/turn              (no ring)
MPRegen  0.09/turn              (no ring)

@: lethally poisoned (0 -> -13)
A: claws 1, frail 1
a: no special abilities


You were on level 2 of the Dungeon.
You visited 1 branch of the dungeon, and saw 2 of its levels.

You collected 49 gold pieces.

Inventory:

Armour
 d - a +0 robe (worn)
 e - a +0 kite shield (worn)
Scrolls
 b - a scroll of fog
 j - a scroll of teleportation {unknown}
 k - a scroll of identify {unknown}
Potions
 i - a potion of flight {unknown}


   Skills:
 + Level 2.3 Fighting
 - Level 2.6 Axes
 + Level 2.1 Shields
 * Level 1.0 Unarmed Combat
 - Level 2.1 Spellcasting
 - Level 1.2 Fire Magic


You had 4 spell levels left.
You knew the following spells:

 Your Spells              Type           Power      Damage    Failure   Level
a - Sandblast             Erth           2%         2d4       78%         1

Your spell library contained the following spells:

 Spells                   Type           Power      Damage    Failure   Level
 Stone Arrow              Conj/Erth      2%         3d7       98%         3


Dungeon Overview and Level Annotations

Branches:
Dungeon (2/15)

Altars:


Innate Abilities, Weirdness & Mutations

You have sharp fingernails.
You are frail. (-10% HP)


Message History

You block the adder's attack.
You scratch the adder.
The adder is almost dead.
The adder bites you.
You are poisoned.
The adder poisons you! The adder bites you.
* * * LOW HITPOINT WARNING * * *
You feel better. The adder barely misses you.
As you read the scroll labelled TUXTAMAXOPT, it crumbles to dust.
The scroll dissolves into smoke.
It was a scroll of fog.
The adder bites you but does no damage. The adder closely misses you.
As you read the scroll labelled XEZ SOF ZATI, it crumbles to dust.
It is a scroll of amnesia.
Really abort (and waste the scroll)? [Y]es or [N]o only, please.
Really abort (and waste the scroll)? [Y]es or [N]o only, please.
Really abort (and waste the scroll)?
Okay, then.
The adder bites you.
Casting: Sandblast (safe; 78% risk of failure)
Confirm with . or Enter, or press ? or * to list all spells.
You don't have any stones to cast with.
As you read the scroll labelled FYOLAEGEGA, it crumbles to dust.
You hear a loud clanging noise!
It was a scroll of noise.
You hear an angry hiss. x3
The adder bites you.
As you read the scroll labelled WEIPLA GUGOBLU, it crumbles to dust.
You feel aware of your surroundings.
It was a scroll of magic mapping.
The adder bites you.
* * * LOW HITPOINT WARNING * * *
You are lethally poisoned!
The adder poisons you! The adder bites you.
* * * LOW HITPOINT WARNING * * *
You are more poisoned.
The adder poisons you!
It was a potion of mutation.
You feel extremely strange.
You feel frail.
You die...

,*,,*,,,###.#...........# #.....
,**,,,*##..w##.#........## #.....
,**,***...#..#.....8.....###.....
,**,*,,......##........#.##......
,**,,,,.......#..................
,***,*,.......##..§§....######...
,* *,,,..8.....#.§#§..#######....
,* **,,......#w##§§.### #........
,* *,,......wKS@§### #....≈... ,*
**,.......##### #.[.≈≈... ,**
*,.#...##* #........ ,,* **...##*
#####.......≈ ,,*****.#**
#######..........≈≈ ,,,,,,*,*
#................≈# ,,***,,,*
#..........≈.....≈# ,,* *****
#..........♣≈....≈# ,,*
#......<...≈)....≈#


You could see an adder, a dart slug and a kobold (fast).

Vanquished Creatures
  A dart slug (D:2)
  2 endoplasms (D:2)
  2 giant cockroaches (D:1)
  4 goblins
  2 hobgoblins (D:1)
  A quokka (D:1)
  A ball python (D:1)
  2 bats
  3 frilled lizards (D:1)
  2 rats (D:1)
20 creatures vanquished.

Notes
Turn   | Place    | Note
-------+----------+-------------------------------------------
     0 | D:1      | freelancePsychic the Demonspawn Wanderer began the quest
                  | for the Orb.
     0 | D:1      | freelancePsychic set off with the following items: a +0
                  | dagger, a potion of curing {@q1}, a +0 robe, a +0 kite
                  | shield; and the following spell memorised: Sandblast; and
                  | the following spells available to memorise: Stone Arrow
     0 | D:1      | Reached XP level 1. HP: 16/16 MP: 3/3
   684 | D:1      | Gained mutation: You have sharp fingernails. [demonic
                  | ancestry]
   684 | D:1      | Reached XP level 2. HP: 17/22 MP: 5/5
  1856 | D:2      | Reached skill level 1 in Unarmed Combat
  1886 | D:2      | Gained mutation: You are frail. (-10% HP) [potion of
                  | mutation]
  1886 | D:2      | Succumbed to an adder's poison

Illustrated notes

Levels and vault maps discovered:
D:1:      mrwooster_arrival_arrow, layout_loops_ring, chequers_jeans
D:2:      minmay_skewed_foursquare, layout_basic, kennysheep_decorative_pillar

Skill      XL: |  1  2 |
---------------+-------+-----
Shields        | 2 |  2.1
Unarmed Combat | 1 |  1.0
Fighting       | |  2.3
Axes           | |  2.6
Spellcasting   | |  2.1
Fire Magic     | |  1.2

Action                   || total
-------------------------++-------
Melee: Dagger            ||    48
       Unarmed           ||    62
  Use: Scroll            ||     4
       Potion            ||     2
 Stab: Sleeping          ||     1
Armor: Robe              ||    28
Dodge: Dodged            ||    43
Block: Kite shield       ||    39

Table legend: (Time is in decaauts)
 A = Elapsed time spent in this place.
 B = Non-inter-level travel time spent in this place.
 C = Inter-level travel time spent in this place.
 D = Time resting spent in this place.
 E = Time spent auto-exploring this place.
 F = Levels seen in this place.
 G = Mean time per level.
                   A        B        C        D        E       F      G
               +--------+--------+--------+--------+--------+-----+--------+
         Total |   1914 |   1892 |     22 |      0 |   1662 |   2 |  957.0 |
       Dungeon |   1914 |   1892 |     22 |      0 |   1662 |   2 |  957.0 |
               +--------+--------+--------+--------+--------+-----+--------+

Top non-repeatable levels by time:
     D:1: 1387 daAuts
     D:2: 527 daAuts
